 Dungeon Crawl Stone Soup version 0.28-a0-1117-g0bdd5ba030 (webtiles) character file.

Game seed: 13547790557308182454

103 SensoryNuts the Slasher (level 4, -2/30 HPs)
             Began as a Demonspawn Gladiator on Dec 11, 2021.
             Was a Follower of Hepliaklqana.
             Slain by a gnoll (9 damage)
             ... on level 3 of the Dungeon.
             The game lasted 00:03:13 (2326 turns).

SensoryNuts the Slasher (Demonspawn Gladiator)      Turns: 2326, Time: 00:03:14

Health: -2/30      AC: 11    Str: 17    XL:     4   Next: 51%
Magic:  0/4        EV:  7    Int:  9    God:    Hepliaklqana [*.....]
Gold:   93         SH:  0    Dex: 14    Spells: 3/3 levels left

rFire   . . .      SeeInvis .   a - +0 long sword
rCold   . . .      Faith    .   (no shield)
rNeg    . . .      Spirit   +   g - +0 chain mail
rPois   .          Reflect  .   c - +0 helmet
rElec   .          Harm     .   (no cloak)
rCorr   .          Rampage  .   (no gloves)
Will    .....                   (no boots)
Stlth   ..........              i - amulet of guardian spirit
HPRegen 0.10/turn               (no ring)
MPRegen 0.09/turn               (no ring)

@: no status effects
A: reduced essence, thin metallic scales 1, weakness stinger 1
a: Renounce Religion, Recall Ancestor, Ancestor Identity


You were on level 3 of the Dungeon.
You worshipped Hepliaklqana.
Hepliaklqana was aware of your devotion.
You visited 1 branch of the dungeon, and saw 3 of its levels.

You collected 93 gold pieces.

Inventory:

Hand Weapons
 a - a +0 long sword (weapon)
Missiles
 d - 4 throwing nets (quivered)
Armour
 b - a +0 leather armour
 c - a +0 helmet (worn)
 g - a +0 chain mail (worn)
Jewellery
 i - an amulet of guardian spirit (around neck)
Wands
 j - a wand of flame (16)
Scrolls
 e - 3 scrolls of enchant weapon {unknown}
 f - 2 scrolls of blinking {unknown}
 h - a scroll of teleportation
 k - a scroll of fear {unknown}


   Skills:
 + Level 2.4 Fighting
 + Level 3.6 Long Blades
 + Level 2.3 Throwing
 + Level 0.6 Armour
 + Level 3.1 Dodging
 + Level 1.3 Stealth


You had 3 spell levels left.
You didn't know any spells.
Your spell library contained the following spells:

 Spells                   Type           Power      Damage    Failure   Level
 Gell's Gravitas          Tloc           0%         N/A       100%        3
 Teleport Other           Tloc           0%         N/A       100%        3
 Dispersal                Tloc           0%         N/A       100%        6


Dungeon Overview and Level Annotations

Branches:
Dungeon (3/15)

Altars:
Hepliaklqana
Uskayaw


Innate Abilities, Weirdness & Mutations

Your life essence is reduced to manifest your ancestor. (-10% HP)
You are partially covered in thin metallic scales. (AC +2)
You have a small tail.


Message History

The gnoll shouts!
You see here 5 gold pieces.
You hit the gnoll.
Your tail-slap misses the gnoll.
The gnoll is heavily wounded.
Cyneburga hits the gnoll but does no damage.
The gnoll barely misses you.
You slash the gnoll!
You kill the gnoll!
You closely miss the gnoll.
You tail-slap the gnoll, but do no damage.
The gnoll hits you with a +0 flail.
The gnoll hits you from afar with a +0 halberd!
Cyneburga hits the gnoll.
You hit the gnoll.
The gnoll is almost dead.
The gnoll barely misses you. x2; Cyneburga hits the gnoll.
The gnoll hits you but does no damage.
You barely miss the gnoll.
Your tail-slap misses the gnoll.
The gnoll is almost dead.
The gnoll closely misses you.
Cyneburga barely misses the gnoll.
The gnoll hits you but does no damage.
The gnoll hits you from afar with a +0 halberd.
You closely miss the gnoll.
The gnoll is almost dead.
Cyneburga barely misses the gnoll.
The gnoll hits you with a +0 flail.
The gnoll hits you from afar with a +0 halberd!
* * * LOW HITPOINT WARNING * * *
You are too injured to fight recklessly!
You are too injured to fight recklessly!
You are too injured to fight recklessly!
You are too injured to fight recklessly!
You are too injured to fight recklessly!
You are too injured to fight recklessly!
You are too injured to fight recklessly!
There are monsters nearby!
Unknown command.
You hit the gnoll.
You kill the gnoll!
The gnoll hits you from afar with a +0 halberd!
You die...

#<...#≈≈≈≈≈≈ ###
#.....#≈≈≈≈≈
...###+##+##...#...≈≈≈≈
. #.≈≈...≈≈........#≈≈≈≈
..#.≈.....≈.......###≈≈≈
.......≈...........###.≈
...>........#......##.#<
.....≈.).≈..#.....)##...
.....≈.@R≈..#.....))#..†
#....g≈)≈...#.....#.).##
#...≈.≈.≈.≈..†....##...#
#...≈.....≈.......##...#
....≈.....≈.....####).)#
....#..≈..##....##.'...+
....#≈.≈.≈##.......#...#
... #≈.≈.≈##.......#....
#≈...≈#.............


You could see the friendly Cyneburga the ancestor and a gnoll.

Vanquished Creatures
  2 gnolls (D:3)
  2 adders (D:2)
  A worm (D:2)
  2 dart slugs (D:3)
  2 orcs (D:3)
  3 ball pythons
  4 endoplasms
  A giant cockroach (D:2)
  3 goblins (D:2)
  3 hobgoblins (D:2)
  4 kobolds
  4 quokkas
  3 bats
  2 frilled lizards (D:2)
  2 rats
38 creatures vanquished.

Vanquished Creatures (collateral kills)
  4 dart slugs (D:3)
  3 orcs (D:3)
  A ball python (D:2)
  An endoplasm (D:3)
  A giant cockroach (D:2)
  A goblin (D:3)
  A hobgoblin (D:3)
  A kobold (D:2)
  A frilled lizard (D:3)
14 creatures vanquished.

Grand Total: 52 creatures vanquished

Notes
Turn   | Place    | Note
-------+----------+-------------------------------------------
     0 | D:1      | SensoryNuts the Demonspawn Gladiator began the quest for
                  | the Orb.
     0 | D:1      | Reached XP level 1. HP: 16/16 MP: 1/1
   359 | D:1      | Found a faded altar of an unknown god.
   382 | D:1      | Gained mutation: You have a small tail. [demonic ancestry]
   382 | D:1      | Reached XP level 2. HP: 22/22 MP: 2/2
   393 | D:1      | Prayed at the altar of an unknown god.
   393 | D:1      | Became a worshipper of Hepliaklqana the Forgotten
   393 | D:1      | Reached * piety under Hepliaklqana
  1070 | D:2      | Reached skill level 1 in Stealth
  1070 | D:2      | Gained mutation: You are partially covered in thin metallic
                  | scales. (AC +2) [demonic ancestry]
  1070 | D:2      | Reached XP level 3. HP: 18/24 MP: 3/3
  1969 | D:3      | Reached XP level 4. HP: 27/30 MP: 4/4
  2314 | D:3      | Found a hide-covered altar of Uskayaw.
  2326 | D:3      | Slain by a gnoll

Illustrated notes

Levels and vault maps discovered:
D:1:      heliophobic_arrival_glass_houses, layout_rooms,
          hellmonk_ecumenical_altar_zigzags, serial_glass, glass_columns_c,
          glass_columns_a
D:2:      layout_basic
D:3:      kennysheep_slugbush, layout_basic, nicolae_uskayaw_suspiria,
          serial_curves, eino_curves_04, eino_curves_04, serial_park_tiny_pond

Skill      XL: |  1  2 |
---------------+-------+-----
Throwing       | 2 |  2.3
Dodging        | 3 |  3.1
Long Blades    | 3 |  3.6
Stealth        | 1 |  1.3
Fighting       | |  2.4
Armour         | |  0.6

Action                   |  1- 3 |  4- 6 || total
-------------------------+-------+-------++-------
Melee: Long sword        |   103 |    29 ||   132
       Tailslap          |     9 |     3 ||    12
  Use: Scroll            |     2 |       ||     2
       Potion            |     1 |     1 ||     2
 Stab: Sleeping          |     1 |       ||     1
Armor: Chain mail        |    74 |    14 ||    88
       Leather armour    |     1 |       ||     1
Dodge: Dodged            |    58 |    25 ||    83

Table legend: (Time is in decaauts)
 A = Elapsed time spent in this place.
 B = Non-inter-level travel time spent in this place.
 C = Inter-level travel time spent in this place.
 D = Time resting spent in this place.
 E = Time spent auto-exploring this place.
 F = Levels seen in this place.
 G = Mean time per level.
                   A        B        C        D        E       F      G
               +--------+--------+--------+--------+--------+-----+--------+
         Total |   2370 |   2370 |      0 |      0 |   1770 |   3 |  790.0 |
       Dungeon |   2370 |   2370 |      0 |      0 |   1770 |   3 |  790.0 |
               +--------+--------+--------+--------+--------+-----+--------+

Top non-repeatable levels by time:
     D:2: 1339 daAuts
     D:1: 632 daAuts
     D:3: 398 daAuts
